 Dungeon Crawl Stone Soup version 0.31-a0-981-geadf994542 (webtiles) character file.

Game seed: 8938285837952362191

48 sammy202020 the Ruffian (level 3, 0/33 (40) HPs)
             Began as a Demonspawn Shapeshifter on Oct 31, 2023.
             Slain by an orc priest
             ... wielding a +0 mace of draining
              (1 damage)
             ... on level 3 of the Dungeon.
             The game lasted 00:01:57 (1417 turns).

sammy202020 the Ruffian (Demonspawn Shapeshifter)   Turns: 1417, Time: 00:01:58

HP:   0/33 (40)     AC: 21    Str: 16    XL:     3   Next: 50%
MP:   12/12         EV: -1    Int: 11    God:
Gold: 123           SH:  0    Dex: 12    Spells: 2/2 levels left

rFire   . .          .
                       - Unarmed
rCold   . . .        (no shield)
rNeg    . . .        a - melded +0 animal skin
rPois   +            (helmet currently unavailable)
rElec   .            (cloak currently unavailable)
rCorr   .            (gloves currently unavailable)
SInv    .            (boots currently unavailable)
Will    .....        (no amulet)
Stlth   +            e - ring of magical power
HPRegen 0.25/turn    (no ring)
MPRegen 0.26/turn

%: no passive effects
@: tree-form, constricted, heavily drained
A: stationary, stasis, torment immunity, boosted hp, (claws 1), magic
regeneration
a: no special abilities


You were on level 3 of the Dungeon.
You were a tree.
You visited 1 branch of the dungeon, and saw 3 of its levels.

You collected 123 gold pieces.

Inventory:

Hand Weapons
 m - a +0 mace
Armour
 a - a +0 animal skin (melded)
 j - a +0 cloak
Jewellery
 e - a ring of magical power (left branch)
Talismans
 c - a beast talisman (active)
 d - a flux talisman
Scrolls
 f - a scroll of acquirement {unknown}
 g - a scroll of teleportation {unknown}
 h - a scroll of identify {unknown}
 i - a scroll of poison {unknown}
 k - a scroll of amnesia
Potions
 l - 2 potions of curing {unknown}


   Skills:
 * Level 1.9 Fighting
 + Level 0.0 Maces & Flails
 * Level 0.8 Armour
 * Level 2.1 Dodging
 * Level 3.1 Unarmed Combat
 * Level 2.9 Shapeshifting


You had 2 spell levels left.
You didn't know any spells.
Your spell library contained the following spells:

 Spells                   Type           Power      Damage    Failure   Level
 Slow                     Hex            0%         N/A       34%         1
 Confusing Touch          Hex            0%         N/A       71%         3
 Sigil of Binding         Hex            0%         N/A       71%         3
 Vampiric Draining        Necr           0%         2d6       71%         3


Dungeon Overview and Level Annotations

Branches:
Dungeon (3/15)

Altars:


Innate Abilities, Weirdness & Mutations

You are a tree.
Your roots penetrate the ground, keeping you stationary.
You cannot be teleported.
You are immune to unholy pain and torment.
Your maximum health is greatly increased.
Your equipment is partially melded.
((You have sharp fingernails.))
You regenerate magic rapidly.


Message History

You closely miss the orc priest.
The orc priest is severely wounded.
The ball python bites you but does no damage.
The ball python constricts you. The orc hits you but does no damage.
The orc priest looks encouraged for a moment.
The orc hits you but does no damage. The goblin hits you but does no damage.
The orc priest looks encouraged for a moment.
You barely miss the orc priest.
The orc priest is severely wounded.
The ball python bites you but does no damage.
The ball python constricts you. The orc hits you but does no damage.
The orc priest hits you but does no damage.
You feel drained. The goblin hits you but does no damage.
You hit the orc priest but do no damage.
The orc priest is severely wounded.
The ball python bites you but does no damage.
The ball python constricts you.
* * * LOW HITPOINT WARNING * * *
The orc priest hits you but does no damage.
The goblin hits you with a +0 dagger.
* * * LOW HITPOINT WARNING * * *
The orc hits you from afar with a +0 trident.
* * * LOW HITPOINT WARNING * * *
The orc priest hits you with a +0 mace of draining.
* * * LOW HITPOINT WARNING * * *
You feel drained.
You hit the orc priest.
The orc priest is almost dead.
The ball python bites you but does no damage.
The ball python constricts you.
The orc priest hits you but does no damage.
The orc hits you but does no damage.
The orc wizard gestures wildly while chanting.
The orc wizard flickers and vanishes!
Deactivating autopickup; reactivate with Ctrl-A.
The goblin hits you but does no damage.
The orc priest hits you with a +0 mace of draining.
* * * LOW HITPOINT WARNING * * *
You feel drained.
You die...

..........#
.........# .
..$.....##..
.......:..
l.o....# #{o... ..
#.og##...# #.
#######o♣S...# #..
.........###....
#...#######...####
. #..............#
#...)<†..#.###...
#.....)..#.#....)
#######......# #
#..##### #....


You could see 2 orc priests, 2 orcs, a goblin, a ball python and a frilled
lizard.

Vanquished Creatures
  An adder (D:2)
  A dart slug (D:1)
  An orc (D:3)
  2 ball pythons
  3 bats (D:1)
  2 giant cockroaches
  2 goblins (D:1)
  6 hobgoblins
  4 jackals (D:1)
  A quokka (D:1)
  2 frilled lizards (D:1)
  3 kobolds
  4 rats
32 creatures vanquished.

Notes
Turn   | Place    | Note
-------+----------+-------------------------------------------
     0 | D:1      | sammy202020 the Demonspawn Shapeshifter began the quest for
                  | the Orb.
     0 | D:1      | Reached XP level 1. HP: 15/15 MP: 1/1
   125 | D:1      | Gained mutation: You regenerate magic rapidly. [demonic
                  | ancestry]
   125 | D:1      | Reached XP level 2. HP: 18/21 MP: 2/2
   212 | D:1      | Reached skill level 3 in Unarmed Combat
   849 | D:2      | Gained mutation: You have sharp fingernails. [demonic
                  | ancestry]
   849 | D:2      | Reached XP level 3. HP: 26/26 MP: 3/3
  1417 | D:3      | HP: 1/34 [orc priest/+0 mace of draining (3)]
  1417 | D:3      | Slain by an orc priest

Illustrated notes

Levels and vault maps discovered:
D:1:      elethiomel_arrival_infinity_welcomes_careful_drivers, layout_rooms
D:2:      layout_rooms, nicolae_eternal_life, minmay_tetromino_s4
D:3:      minmay_roachtagon, layout_rooms, nicolae_gozag_seed_capital,
          gammafunk_ghost_icy, minmay_shallow_snake_nest

Skill      XL: |  1  2 |
---------------+-------+-----
Dodging        | 2 |  2.1
Unarmed Combat | 3 |  3.1
Fighting       | |  1.9
Armour         | |  0.8
Shapeshifting  | |  2.9

Action                     || total
---------------------------++-------
  Melee: Unarmed           ||    96
         Punch             ||     2
    Use: Scroll            ||     1
         Potion            ||     1
   Stab: Sleeping          ||     1
 Armour: Animal skin       ||    57
         Skin              ||    33
  Dodge: Dodged            ||    70
   Form: Beast             ||     1

Table legend: (Time is in decaauts)
 A = Elapsed time spent in this place.
 B = Non-inter-level travel time spent in this place.
 C = Inter-level travel time spent in this place.
 D = Time resting spent in this place.
 E = Time spent auto-exploring this place.
 F = Levels seen in this place.
 G = Mean time per level.
                   A        B        C        D        E       F      G
               +--------+--------+--------+--------+--------+-----+--------+
         Total |   1411 |   1382 |     29 |      0 |   1167 |   3 |  470.3 |
       Dungeon |   1411 |   1382 |     29 |      0 |   1167 |   3 |  470.3 |
               +--------+--------+--------+--------+--------+-----+--------+

Top non-repeatable levels by time:
     D:2: 732 daAuts
     D:1: 629 daAuts
     D:3: 49 daAuts
